 Bloatcrawl 2 version 2.3.0-a0-54-g45a9c2a (webtiles) character file.

Game seed: 6473935218881641276, levelgen mode: deterministic

4 Bigchungus the Caller (level 1, 0/2 HPs)
             Began as a Moonotaur Overseer on Jan 5, 2020.
             Slain by a kobold
             ... wielding a +0 dagger
              (1 damage)
             ... on level 1 of the Dungeon.
             The game lasted 00:01:19 (362 turns).

Bigchungus the Caller (Moonotaur Overseer)           Turns: 362, Time: 00:01:20

Health: 0/2        AC:  0    Str: 13    XL:     1   Next: 40%
Magic:  0/1        EV: 11    Int: 17    God:
Gold:   30         SH:  0    Dex:  9    Spells: 0/0 levels left Game modifiers: None

rFire    . . .     SeeInvis .   a - +0 whip
rCold    . . .     Gourm    .   (no shield)
rNeg     . . .     Faith    .   (no armour)
rPois    ∞         Spirit   .   (no helmet)
rElec    .         Reflect  .   (no cloak)
rCorr    .         Harm     .   (no gloves)
MR       .....                  (no boots)
Stlth    +.........             (no amulet)
HPRegen  0.00/turn              (no ring)
MPRegen  0.07/turn              (no ring)

@: appendage (expiring)
A: reduce all damage to 1, reduced healing, horns 2, inhibited regeneration, no
potion heal 3
a: End Transformation


You were on level 1 of the Dungeon.
You were not hungry.
You had grown temporary horns.
You visited 1 branch of the dungeon, and saw 1 of its levels.

You collected 30 gold pieces.

Inventory:

Hand Weapons
 a - a +0 whip (weapon)
 c - a +1 whip of draining
Scrolls
 d - a scroll of identify {unknown}
Comestibles
 b - a ration


   Skills:
 + Level 0.8 Fighting
 + Level 2.6 Maces & Flails
   Level 5.0 Summonings


You couldn't memorise any spells.
You knew the following spells:

 Your Spells              Type           Power        Failure   Level  Hunger
a - Beastly Appendage     Tmut           #.....       24%         1    ##.....

Your spell library contained the following spells:

 Spells                   Type           Power        Failure   Level  Hunger
 Call Imp                 Summ           ###.....     4%          2    ###....
 Summon Demon             Summ           ###.......   63%         5    ######.
 Malign Gateway           Summ/Tloc      #.........   100%        7    #######


Dungeon Overview and Level Annotations

Branches:
Dungeon (1/15)

Altars:


Innate Abilities, Weirdness & Mutations

You take but a single point of damage from any source Healing from other sources has reduced effect on you You are immune to poison.
You do not regenerate when monsters are visible.
Potions cannot restore your health.
You have a pair of horns on your head.


Message History

Unknown command.
You hit the kobold but do no damage. The kobold closely misses you.
You hit the kobold.
You headbutt the kobold, but do no damage.
The kobold is severely wounded.
The kobold hits you with a +0 dagger.
Ouch! That really hurt!
You are too injured to fight recklessly!
You are too injured to fight recklessly!
Unknown command.
What are your orders? t - Shout!
Orders for allies: a - Attack new target. r - Retreat! s - Stop attacking. g - Guard the area. f - Follow me.
Anything else - Cancel.
You shout for attention!
You hear an angry hiss. x2; You hear a shout!
The kobold hits you with a +0 dagger.
Ouch! That really hurt!
You die...

#.# #.# #.# #.# #.# #
#.# #.# #( #.# #.#
###.###.# #.#######
#.....#.# #....†.†.
##....K#.### #########
...%...@(..#########...#
##.....###.............#
#.?... ###########...#
###.## ##.## #. #.## #
###... #....# #.#..#
#.##.#


You could see a kobold.

Vanquished Creatures
  A leopard gecko (D:1)
  A kobold (D:1)
  A rat (D:1)
3 creatures vanquished.

Notes
Turn   | Place    | Note
-------+----------+-------------------------------------------
     0 | D:1      | Bigchungus the Moonotaur Overseer began the quest for the
                  | Orb.
     0 | D:1      | Reached XP level 1. HP: 2/2 MP: 1/1
   362 | D:1      | Slain by a kobold

Levels and vault maps discovered:
D:1:      minmay_arrival_loop, layout_loops_ring

Action                   || total
-------------------------++-------
Melee: Whip              ||    11
       Headbutt          ||     1
 Cast: Beastly Appendage ||     2
Dodge: Dodged            ||    11

Table legend:
 A = Non-vault XP
 B = Vault XP
 C = Vault XP percentage of total XP
 D = Non-vault monster count
 E = Vault monster count
 F = Vault count percentage of total count
                 A         B        C        D         E       F
            +---------+---------+-------+---------+---------+-------
      Total |       6 |       0 |   0.0 |       3 |       0 |   0.0
            +---------+---------+-------+---------+---------+-------
        D:1 |       6 |       0 |   0.0 |       3 |       0 |   0.0
            +---------+---------+-------+---------+---------+-------
